[ AOE2 MATCH · #506167486 ]
UnrankedIncas vs Mongols
[ REPLAY ANALYSIS · EXTRACTED FROM THE RECORDED GAME ]
Feudal
15:07
Castle
19:41
Imperial
38:27
| APM avg | 20.2 |
| APM peak | 47 |
| eAPM avg | 12.5 |
| Villagers / military | 82 / 18 |
Focus
⚔️ 24.5% · 🌾 75.5%
Fishing Ship ×15 · Unknown (2550) ×12 · Fire Galley ×8 · Archer ×3 · Petard ×3 · Kamayuk ×3
Feudal
14:07
Castle
18:27
Imperial
36:28
| APM avg | 40.6 |
| APM peak | 86 |
| eAPM avg | 21.9 |
| Villagers / military | 183 / 102 |
Focus
⚔️ 30.6% · 🌾 69.4%
Mangudai ×74 · Scout Cavalry ×23 · Fishing Ship ×18 · Trebuchet (Packed) ×4 · Monk ×1
Feudal
14:12
Castle
19:03
Imperial
39:16
| APM avg | 21.7 |
| APM peak | 55 |
| eAPM avg | 10.1 |
| Villagers / military | 67 / 52 |
Focus
⚔️ 27.6% · 🌾 72.4%
Galley ×23 · Mangudai ×20 · Fishing Ship ×15 · Steppe Lancer ×7 · Fire Galley ×2
Feudal
13:31
Castle
22:43
Imperial
—
| APM avg | 22.3 |
| APM peak | 41 |
| eAPM avg | 14.1 |
| Villagers / military | 57 / 16 |
Focus
⚔️ 26.3% · 🌾 73.7%
Samurai ×11 · Fishing Ship ×7 · Militia ×5
Feudal
14:44
Castle
18:30
Imperial
35:45
| APM avg | 34.7 |
| APM peak | 74 |
| eAPM avg | 18.5 |
| Villagers / military | 125 / 104 |
Focus
⚔️ 23.1% · 🌾 76.9%
Conquistador ×67 · Skirmisher ×35 · Fishing Ship ×16 · Unknown (2626) ×3 · Trebuchet (Packed) ×2
Feudal
13:23
Castle
23:16
Imperial
—
| APM avg | 23.3 |
| APM peak | 46 |
| eAPM avg | 12.8 |
| Villagers / military | 90 / 26 |
Focus
⚔️ 20.4% · 🌾 79.6%
Fishing Ship ×31 · Fire Galley ×26 · Unknown (2626) ×10
Match map
Initial resources + every placement click. Lines = walls · curves = elevation contours. ◆ gold · ⬟ stone · ● berries · ✦ relic · ◌ wall gap
Your base· Open — unwalled flank
pickmyself or end's base· ✓ Closed at 18:27 · 73t walls · 3 gate(s)
Niimiiitzz''s base· Open — unwalled flank
Lancer's base· Open — unwalled flank
Mark Renton's base· Open — unwalled flank
commandokris's base· Open — unwalled flank
Smoothed initial terrain · ◌ = detected wall gap · hover for details
Inputs per minute
— Mayhem - - pickmyself or end
Build order — Mayhem
First 150 of 239 actions detected
| 0:18 | Build | Town Center |
| 1:08 | Build | Dock |
| 1:10 | Build | House |
| 2:37 | Queue | Villager (Male) |
| 2:37 | Queue | Villager (Male) |
| 2:38 | Queue | Villager (Male) |
| 2:38 | Queue | Villager (Male) |
| 3:30 | Research | Loom |
| 3:58 | Queue | Fishing Ship |
| 4:10 | Queue | Villager (Male) |
| 4:41 | Queue | Fishing Ship |
| 5:31 | Queue | Fishing Ship |
| 5:50 | Queue | Villager (Male) |
| 5:50 | Queue | Villager (Male) |
| 6:09 | Queue | Villager (Male) |
| 6:09 | Queue | Villager (Male) |
| 6:18 | Build | Palisade Wall |
| 6:35 | Queue | Villager (Male) |
| 6:39 | Queue | Villager (Male) |
| 6:42 | Build | House |
| 7:07 | Queue | Villager (Male) |
| 7:18 | Queue | Fishing Ship |
| 7:36 | Build | House |
| 7:56 | Queue | Villager (Male) |
| 8:17 | Queue | Villager (Male) |
| 8:19 | Queue | Fishing Ship |
| 8:21 | Queue | Fishing Ship |
| 8:34 | Queue | Villager (Male) |
| 9:12 | Queue | Villager (Male) |
| 9:12 | Queue | Villager (Male) |
| 9:13 | Queue | Villager (Male) |
| 9:45 | Build | Dock |
| 9:49 | Queue | Fishing Ship |
| 9:51 | Queue | Villager (Male) |
| 10:05 | Queue | Villager (Male) |
| 10:12 | Build | Outpost |
| 10:40 | Build | Settlement |
| 10:48 | Queue | Villager (Male) |
| 10:50 | Queue | Villager (Male) |
| 11:09 | Queue | Fishing Ship |
| 11:22 | Build | House |
| 11:32 | Queue | Villager (Male) |
| 11:33 | Queue | Fishing Ship |
| 12:07 | Queue | Villager (Male) |
| 12:11 | Queue | Fishing Ship |
| 12:11 | Queue | Fishing Ship |
| 12:32 | Queue | Villager (Male) |
| 12:38 | Build | Settlement |
| 12:50 | Research | Feudal Age |
| 13:13 | Queue | Villager (Male) |
| 13:14 | Queue | Villager (Male) |
| 13:20 | Queue | Fishing Ship |
| 13:22 | Queue | Fishing Ship |
| 13:33 | Build | House |
| 14:39 | Build | Settlement |
| 15:07 | Age | Feudal Age |
| 15:11 | Build | Market |
| 15:15 | Build | Blacksmith |
| 15:23 | Research | Double-Bit Axe |
| 15:32 | Queue | Villager (Male) |
| 15:54 | Queue | Villager (Male) |
| 16:11 | Research | Stone Mining |
| 16:17 | Queue | Fishing Ship |
| 16:17 | Queue | Fishing Ship |
| 16:33 | Build | Barracks |
| 16:36 | Queue | Villager (Male) |
| 16:56 | Build | Outpost |
| 16:59 | Research | Castle Age |
| 17:28 | Build | Outpost |
| 17:34 | Research | Stone Mining |
| 18:01 | Research | Town Watch |
| 18:16 | Build | Outpost |
| 18:34 | Research | Gold Mining |
| 18:41 | Build | Settlement |
| 18:52 | Queue | Villager (Male) |
| 19:28 | Build | Archery Range |
| 19:41 | Age | Castle Age |
| 19:49 | Build | Castle |
| 19:52 | Build | Palisade Wall |
| 19:54 | Build | Palisade Wall |
| 19:57 | Build | Palisade Wall |
| 20:55 | Queue | Villager (Male) |
| 20:55 | Queue | Villager (Male) |
| 21:15 | Build | Castle |
| 21:25 | Research | Crossbowman (upgrade) |
| 21:26 | Queue | Villager (Male) |
| 21:28 | Research | Fletching |
| 21:34 | Research | Bow Saw |
| 21:35 | Queue | Villager (Male) |
| 22:28 | Queue | Archer |
| 22:52 | Queue | Villager (Male) |
| 22:52 | Queue | Villager (Male) |
| 23:10 | Queue | Kamayuk |
| 23:15 | Queue | Villager (Male) |
| 23:38 | Queue | Archer |
| 23:39 | Queue | Archer |
| 23:40 | Queue | Villager (Male) |
| 23:43 | Research | Bodkin Arrow |
| 24:14 | Build | Town Center |
| 24:26 | Queue | Villager (Male) |
| 24:31 | Build | Monastery |
| 24:36 | Build | University |
| 24:40 | Queue | Villager (Male) |
| 24:43 | Research | Wheelbarrow |
| 25:01 | Queue | Villager (Male) |
| 25:04 | Research | Horse Collar |
| 25:27 | Build | Farm |
| 25:27 | Build | Farm |
| 25:27 | Build | Farm |
| 25:28 | Build | Farm |
| 25:28 | Build | Farm |
| 25:28 | Build | Farm |
| 25:28 | Build | Farm |
| 25:29 | Build | Farm |
| 25:29 | Build | Farm |
| 25:30 | Build | Farm |
| 25:33 | Queue | Monk |
| 25:52 | Research | Heavy Plow |
| 25:56 | Build | Farm |
| 26:05 | Research | Tech 1402 |
| 26:19 | Build | Farm |
| 26:22 | Build | Farm |
| 26:28 | Queue | Villager (Male) |
| 26:54 | Queue | Villager (Male) |
| 27:04 | Research | Tech 1351 |
| 27:20 | Queue | Villager (Male) |
| 27:24 | Build | Outpost |
| 27:28 | Build | Outpost |
| 27:34 | Build | Farm |
| 27:36 | Queue | Villager (Male) |
| 27:39 | Queue | Villager (Male) |
| 27:40 | Queue | Villager (Male) |
| 27:56 | Research | Scale Mail Armor |
| 28:01 | Build | Barracks |
| 28:07 | Build | Barracks |
| 28:12 | Research | Squires |
| 28:13 | Research | Arson |
| 28:41 | Queue | Villager (Male) ×4 |
| 28:49 | Build | Dock |
| 29:04 | Research | Chain Mail Armor |
| 29:10 | Queue | Unit 2550 |
| 29:11 | Queue | Unit 2550 |
| 29:42 | Queue | Fire Galley |
| 29:43 | Queue | Fire Galley |
| 29:50 | Queue | Villager (Male) |
| 29:55 | Queue | Unit 2550 |
| 29:55 | Queue | Unit 2550 |
| 29:58 | Research | Forging |
| 30:03 | Queue | Villager (Male) |
| 30:11 | Build | Castle |
Build order — pickmyself or end
First 150 of 458 actions detected
| 0:32 | Build | Town Center |
| 0:40 | Build | House |
| 0:42 | Build | Dock |
| 2:46 | Queue | Villager (Male) |
| 2:46 | Queue | Villager (Male) |
| 2:46 | Queue | Villager (Male) |
| 2:47 | Queue | Villager (Male) |
| 2:47 | Queue | Villager (Male) |
| 2:47 | Queue | Villager (Male) |
| 2:47 | Queue | Villager (Male) |
| 3:58 | Queue | Fishing Ship |
| 4:01 | Queue | Villager (Male) |
| 4:01 | Queue | Villager (Male) |
| 4:09 | Build | House |
| 4:49 | Queue | Villager (Male) |
| 4:49 | Queue | Villager (Male) |
| 5:15 | Queue | Villager (Male) |
| 5:16 | Queue | Villager (Male) |
| 5:17 | Queue | Fishing Ship |
| 5:18 | Queue | Fishing Ship |
| 5:39 | Queue | Villager (Male) |
| 5:39 | Queue | Villager (Male) |
| 5:47 | Build | House |
| 5:58 | Queue | Villager (Male) |
| 5:59 | Queue | Villager (Male) |
| 6:05 | Research | Loom |
| 6:14 | Queue | Villager (Male) |
| 6:14 | Queue | Villager (Male) |
| 6:23 | Build | House |
| 6:30 | Queue | Villager (Male) |
| 6:31 | Queue | Fishing Ship |
| 6:35 | Build | House |
| 6:43 | Queue | Villager (Male) |
| 6:43 | Queue | Villager (Male) |
| 6:49 | Build | House |
| 7:11 | Queue | Fishing Ship |
| 7:11 | Queue | Fishing Ship |
| 7:32 | Queue | Fishing Ship |
| 7:32 | Queue | Fishing Ship |
| 7:40 | Queue | Villager (Male) |
| 7:41 | Queue | Villager (Male) |
| 7:41 | Queue | Villager (Male) |
| 7:45 | Build | House |
| 7:47 | Build | House |
| 7:53 | Queue | Villager (Male) |
| 7:53 | Queue | Villager (Male) |
| 8:17 | Build | House |
| 8:18 | Build | House |
| 8:39 | Queue | Villager (Male) |
| 8:40 | Queue | Villager (Male) |
| 8:40 | Queue | Fishing Ship |
| 8:41 | Queue | Fishing Ship |
| 8:52 | Queue | Fishing Ship |
| 8:53 | Queue | Fishing Ship |
| 8:53 | Queue | Villager (Male) |
| 8:53 | Queue | Villager (Male) |
| 8:54 | Queue | Villager (Male) |
| 8:54 | Queue | Villager (Male) |
| 9:21 | Build | Lumber Camp |
| 9:38 | Build | House |
| 9:47 | Queue | Villager (Male) |
| 9:47 | Queue | Villager (Male) |
| 9:56 | Queue | Villager (Male) |
| 10:02 | Build | House |
| 10:07 | Build | Palisade Wall |
| 10:36 | Queue | Fishing Ship |
| 10:36 | Queue | Fishing Ship |
| 10:41 | Queue | Fishing Ship |
| 11:04 | Queue | Fishing Ship |
| 11:29 | Build | House |
| 11:32 | Build | Palisade Wall |
| 11:47 | Build | Mill |
| 11:50 | Research | Feudal Age |
| 11:50 | Research | Feudal Age |
| 12:12 | Build | Dock |
| 12:47 | Build | Palisade Wall |
| 12:53 | Build | Palisade Wall |
| 12:58 | Queue | Villager (Male) |
| 12:58 | Queue | Villager (Male) |
| 12:58 | Queue | Villager (Male) |
| 12:58 | Queue | Villager (Male) |
| 13:05 | Queue | Fishing Ship |
| 13:06 | Queue | Fishing Ship |
| 14:07 | Age | Feudal Age |
| 14:34 | Build | Market |
| 14:40 | Build | Blacksmith |
| 14:44 | Build | Stone Wall |
| 14:47 | Build | Gate |
| 15:01 | Build | Stone Wall |
| 15:05 | Build | Stone Wall |
| 15:08 | Build | Stone Wall |
| 15:46 | Research | Castle Age |
| 15:46 | Research | Castle Age |
| 15:56 | Build | Stone Wall |
| 15:57 | Build | Stone Wall |
| 16:01 | Build | Stone Wall |
| 16:12 | Build | Stone Wall |
| 16:25 | Research | Double-Bit Axe |
| 16:25 | Research | Double-Bit Axe |
| 16:32 | Build | Mining Camp |
| 16:52 | Research | Tech 906 |
| 16:52 | Research | Tech 906 |
| 16:58 | Research | Horse Collar |
| 17:13 | Build | Gate |
| 17:16 | Build | Stone Wall |
| 17:17 | Build | Stone Wall |
| 17:22 | Research | Stone Mining |
| 17:22 | Research | Gold Mining |
| 17:33 | Build | Gate |
| 18:02 | Research | Town Watch |
| 18:02 | Research | Wheelbarrow |
| 18:27 | Age | Castle Age |
| 18:31 | Build | Town Center |
| 18:45 | Build | Town Center |
| 19:12 | Research | Bow Saw |
| 19:40 | Queue | Villager (Male) |
| 19:40 | Queue | Villager (Male) |
| 20:07 | Build | Outpost |
| 20:08 | Queue | Villager (Male) |
| 20:09 | Queue | Villager (Male) |
| 20:09 | Queue | Villager (Male) |
| 20:09 | Queue | Villager (Male) |
| 20:09 | Queue | Villager (Male) |
| 20:14 | Build | Outpost |
| 20:25 | Queue | Villager (Male) |
| 20:25 | Queue | Villager (Male) |
| 20:25 | Queue | Villager (Male) |
| 20:26 | Queue | Villager (Male) |
| 20:33 | Research | Heavy Plow |
| 20:33 | Research | Heavy Plow |
| 20:35 | Queue | Villager (Male) |
| 20:35 | Queue | Villager (Male) |
| 20:50 | Build | Farm |
| 20:56 | Build | Farm |
| 20:59 | Queue | Villager (Male) |
| 20:59 | Queue | Villager (Male) |
| 21:05 | Build | Outpost |
| 21:15 | Build | Outpost |
| 21:29 | Queue | Villager (Male) |
| 21:29 | Queue | Villager (Male) |
| 21:29 | Queue | Villager (Male) |
| 21:30 | Queue | Villager (Male) |
| 21:41 | Build | Farm |
| 21:41 | Build | Farm |
| 21:42 | Build | Farm |
| 21:43 | Build | Farm |
| 21:51 | Build | Outpost |
| 22:16 | Queue | Villager (Male) |
| 22:16 | Queue | Villager (Male) |
| 22:17 | Queue | Villager (Male) |
Build order — Niimiiitzz'
First 150 of 212 actions detected
| 0:21 | Build | Town Center |
| 0:27 | Build | House |
| 2:38 | Build | Dock |
| 2:41 | Build | House |
| 2:49 | Queue | Villager (Male) |
| 2:49 | Queue | Villager (Male) |
| 2:50 | Queue | Villager (Male) |
| 2:50 | Queue | Villager (Male) |
| 2:50 | Queue | Villager (Male) |
| 4:33 | Queue | Fishing Ship |
| 5:03 | Queue | Fishing Ship |
| 5:38 | Queue | Fishing Ship |
| 5:50 | Queue | Villager (Male) |
| 6:12 | Research | Loom |
| 6:23 | Queue | Fishing Ship |
| 6:26 | Build | House |
| 6:44 | Queue | Villager (Male) |
| 7:23 | Queue | Villager (Male) |
| 7:23 | Queue | Villager (Male) |
| 7:33 | Queue | Fishing Ship |
| 8:05 | Queue | Fishing Ship |
| 8:09 | Queue | Villager (Male) |
| 8:16 | Queue | Villager (Male) |
| 8:17 | Queue | Villager (Male) |
| 8:55 | Queue | Fishing Ship |
| 9:02 | Build | House |
| 9:06 | Queue | Villager (Male) |
| 9:16 | Queue | Villager (Male) |
| 9:44 | Queue | Villager (Male) |
| 9:48 | Build | House |
| 10:12 | Queue | Villager (Male) |
| 10:14 | Queue | Villager (Male) |
| 10:39 | Build | House |
| 11:16 | Build | Mill |
| 11:35 | Queue | Villager (Male) |
| 12:00 | Research | Feudal Age |
| 12:15 | Build | Mining Camp |
| 12:39 | Build | House |
| 12:47 | Queue | Fishing Ship |
| 13:19 | Build | Lumber Camp |
| 13:58 | Build | Outpost |
| 14:08 | Queue | Villager (Male) |
| 14:12 | Age | Feudal Age |
| 14:14 | Research | Double-Bit Axe |
| 14:24 | Build | House |
| 14:40 | Build | Market |
| 15:00 | Queue | Villager (Male) |
| 15:27 | Build | House |
| 15:31 | Build | Blacksmith |
| 15:33 | Queue | Villager (Male) |
| 15:34 | Queue | Villager (Male) |
| 16:01 | Research | Castle Age |
| 16:39 | Queue | Fire Galley |
| 16:42 | Queue | Fire Galley |
| 17:18 | Build | House |
| 18:09 | Queue | Galley |
| 18:09 | Queue | Galley |
| 18:22 | Queue | Villager (Male) |
| 18:29 | Build | Dock |
| 18:51 | Research | Fletching |
| 19:03 | Age | Castle Age |
| 19:08 | Queue | Villager (Male) |
| 19:12 | Research | Bow Saw |
| 19:15 | Queue | Villager (Male) |
| 19:16 | Queue | Villager (Male) |
| 19:27 | Build | Dock |
| 19:52 | Queue | Villager (Male) |
| 19:56 | Build | House |
| 19:58 | Build | House |
| 19:59 | Build | House |
| 20:00 | Build | House |
| 20:04 | Queue | Villager (Male) |
| 20:35 | Build | Dock |
| 20:41 | Queue | Galley |
| 20:51 | Queue | Villager (Male) |
| 20:58 | Build | House |
| 21:01 | Build | House |
| 21:09 | Queue | Fishing Ship |
| 21:11 | Queue | Fishing Ship |
| 21:37 | Build | House |
| 21:39 | Queue | Villager (Male) |
| 22:01 | Queue | Fishing Ship |
| 22:03 | Queue | Fishing Ship |
| 22:11 | Build | House |
| 22:20 | Build | Mining Camp |
| 22:23 | Queue | Villager (Male) |
| 22:39 | Queue | Galley |
| 22:41 | Queue | Galley |
| 22:44 | Queue | Galley |
| 22:52 | Queue | Villager (Male) |
| 22:55 | Queue | Villager (Male) |
| 23:46 | Build | House |
| 23:48 | Queue | Villager (Male) |
| 23:53 | Build | Town Center |
| 24:01 | Build | Town Center |
| 24:11 | Queue | Villager (Male) |
| 24:12 | Queue | Villager (Male) |
| 24:22 | Build | House |
| 24:36 | Build | Barracks |
| 24:40 | Queue | Villager (Male) |
| 24:56 | Build | House |
| 25:10 | Queue | Villager (Male) |
| 25:10 | Queue | Villager (Male) |
| 25:14 | Queue | Villager (Male) |
| 25:15 | Queue | Villager (Male) |
| 25:22 | Build | Stable |
| 25:25 | Queue | Villager (Male) |
| 25:28 | Queue | Villager (Male) |
| 25:42 | Build | House |
| 25:56 | Research | Bodkin Arrow |
| 25:59 | Queue | Villager (Male) |
| 26:24 | Build | Stable |
| 26:27 | Build | Stable |
| 26:29 | Research | Bloodlines |
| 26:29 | Research | Husbandry |
| 26:38 | Build | House |
| 26:40 | Queue | Fishing Ship |
| 26:42 | Queue | Fishing Ship |
| 26:47 | Queue | Villager (Male) |
| 27:44 | Queue | Villager (Male) |
| 28:23 | Build | Town Center |
| 28:27 | Queue | Steppe Lancer |
| 28:27 | Queue | Steppe Lancer |
| 28:28 | Queue | Steppe Lancer |
| 28:28 | Queue | Steppe Lancer |
| 28:28 | Queue | Steppe Lancer |
| 28:28 | Queue | Steppe Lancer |
| 28:46 | Build | Castle |
| 28:50 | Queue | Villager (Male) |
| 29:18 | Queue | Villager (Male) |
| 29:37 | Build | Dock |
| 29:40 | Queue | Villager (Male) |
| 29:46 | Build | Mining Camp |
| 29:59 | Queue | Villager (Male) |
| 30:19 | Research | Scale Barding Armor |
| 30:29 | Queue | Fishing Ship |
| 30:44 | Queue | Villager (Male) |
| 31:07 | Research | War Galley (upgrade) |
| 31:14 | Queue | Galley |
| 31:17 | Queue | Galley |
| 31:21 | Queue | Galley |
| 31:23 | Queue | Galley |
| 31:28 | Queue | Villager (Male) |
| 31:30 | Queue | Villager (Male) |
| 31:50 | Queue | Villager (Male) |
| 32:00 | Research | Padded Archer Armor |
| 32:05 | Queue | Villager (Male) |
| 32:15 | Queue | Galley |
| 32:15 | Queue | Galley |
| 32:16 | Queue | Galley |
Build order — Lancer
First 150 of 194 actions detected
| 0:31 | Build | House |
| 0:36 | Build | Dock |
| 0:50 | Build | Town Center |
| 2:56 | Queue | Villager (Male) |
| 2:56 | Queue | Villager (Male) |
| 2:56 | Queue | Villager (Male) |
| 2:57 | Queue | Villager (Male) |
| 3:47 | Queue | Villager (Male) |
| 4:02 | Queue | Fishing Ship |
| 4:02 | Queue | Fishing Ship |
| 4:03 | Queue | Fishing Ship |
| 4:41 | Build | House |
| 5:21 | Queue | Fishing Ship |
| 5:23 | Queue | Villager (Male) |
| 5:44 | Queue | Villager (Male) |
| 5:58 | Queue | Villager (Male) |
| 6:11 | Build | House |
| 6:51 | Queue | Fishing Ship |
| 6:55 | Queue | Villager (Male) |
| 7:08 | Build | House |
| 7:14 | Queue | Villager (Male) |
| 7:36 | Build | House |
| 7:41 | Queue | Villager (Male) |
| 7:46 | Queue | Villager (Male) |
| 8:11 | Queue | Villager (Male) |
| 8:58 | Queue | Villager (Male) |
| 9:00 | Queue | Villager (Male) |
| 9:03 | Queue | Fishing Ship |
| 9:38 | Queue | Fishing Ship |
| 9:42 | Build | Mill |
| 10:00 | Queue | Villager (Male) |
| 10:01 | Queue | Villager (Male) |
| 10:32 | Build | House |
| 11:18 | Build | Mining Camp |
| 11:21 | Research | Feudal Age |
| 11:52 | Build | Barracks |
| 11:59 | Build | House |
| 12:07 | Build | House |
| 12:16 | Queue | Villager (Male) |
| 12:19 | Build | Palisade Gate |
| 12:26 | Build | House |
| 12:55 | Queue | Militia |
| 12:55 | Queue | Militia |
| 12:56 | Queue | Militia |
| 13:00 | Queue | Militia |
| 13:00 | Queue | Militia |
| 13:31 | Age | Feudal Age |
| 13:34 | Queue | Villager (Male) |
| 13:49 | Build | Lumber Camp |
| 13:57 | Queue | Villager (Male) |
| 13:59 | Research | Man-at-Arms (upgrade) |
| 14:01 | Research | Arson |
| 14:05 | Research | Gold Mining |
| 14:11 | Queue | Villager (Male) |
| 14:33 | Queue | Villager (Male) |
| 14:47 | Build | Mill |
| 15:53 | Research | Town Watch |
| 15:57 | Queue | Villager (Male) |
| 15:57 | Queue | Villager (Male) |
| 15:58 | Queue | Villager (Male) |
| 16:19 | Build | Blacksmith |
| 16:50 | Queue | Villager (Male) |
| 16:55 | Build | House |
| 16:57 | Build | Palisade Wall |
| 16:59 | Build | Palisade Gate |
| 17:05 | Build | House |
| 17:29 | Queue | Villager (Male) |
| 18:17 | Research | Wheelbarrow |
| 18:44 | Build | Market |
| 18:50 | Research | Loom |
| 19:55 | Build | Mining Camp |
| 20:03 | Research | Castle Age |
| 20:07 | Research | Stone Mining |
| 20:12 | Build | Outpost |
| 21:04 | Research | Scale Mail Armor |
| 22:10 | Build | Lumber Camp |
| 22:43 | Age | Castle Age |
| 22:47 | Research | Town Watch |
| 22:49 | Research | Double-Bit Axe |
| 23:04 | Build | University |
| 23:13 | Queue | Villager (Male) |
| 23:14 | Queue | Villager (Male) |
| 23:14 | Queue | Villager (Male) |
| 23:19 | Build | Outpost |
| 23:41 | Build | Outpost |
| 23:43 | Build | Mining Camp |
| 23:56 | Build | Dock |
| 24:08 | Research | Guard Tower (upgrade) |
| 24:10 | Research | Treadmill Crane |
| 24:17 | Research | Horse Collar |
| 24:47 | Research | Bow Saw |
| 24:49 | Queue | Villager (Male) |
| 24:57 | Research | Heavy Plow |
| 25:12 | Build | Farm |
| 25:20 | Build | Farm |
| 25:36 | Queue | Villager (Male) |
| 25:38 | Build | Farm |
| 25:41 | Build | Farm |
| 25:45 | Queue | Villager (Male) |
| 26:22 | Build | Castle |
| 26:33 | Build | Farm |
| 26:35 | Queue | Villager (Male) |
| 26:37 | Build | Farm |
| 26:39 | Build | Farm |
| 26:42 | Research | Fletching |
| 26:48 | Build | Farm |
| 26:52 | Queue | Villager (Male) |
| 27:06 | Research | Murder Holes |
| 27:32 | Build | Mining Camp |
| 27:37 | Queue | Samurai |
| 27:38 | Queue | Samurai |
| 27:38 | Queue | Samurai |
| 27:38 | Queue | Samurai |
| 27:39 | Queue | Samurai |
| 27:57 | Queue | Villager (Male) |
| 28:18 | Queue | Samurai |
| 28:26 | Build | Stone Wall |
| 28:28 | Build | Gate |
| 28:29 | Build | Stone Wall |
| 28:32 | Build | Stone Wall |
| 28:34 | Build | Stone Wall |
| 28:36 | Build | Stone Wall |
| 28:39 | Build | Stone Wall |
| 29:14 | Build | Watch Tower |
| 29:38 | Build | Watch Tower |
| 29:51 | Build | Watch Tower |
| 30:13 | Research | Ballistics |
| 30:16 | Research | Yasama |
| 30:19 | Queue | Villager (Male) |
| 30:20 | Queue | Villager (Male) |
| 30:20 | Queue | Villager (Male) |
| 30:24 | Build | Lumber Camp |
| 30:43 | Build | Gate |
| 31:12 | Build | Mining Camp |
| 31:23 | Queue | Villager (Male) |
| 31:31 | Queue | Villager (Male) |
| 31:38 | Queue | Villager (Male) |
| 31:39 | Queue | Villager (Male) |
| 31:40 | Queue | Villager (Male) |
| 31:53 | Build | Watch Tower |
| 31:58 | Build | Watch Tower |
| 32:12 | Research | Bodkin Arrow |
| 32:14 | Research | Masonry |
| 32:20 | Queue | Villager (Male) |
| 32:27 | Build | Farm |
| 32:28 | Build | Farm |
| 32:31 | Build | Farm |
| 32:32 | Build | Farm |
| 32:33 | Build | Farm |
| 33:51 | Queue | Samurai |
Build order — Mark Renton
First 150 of 288 actions detected
| 0:22 | Build | Town Center |
| 1:09 | Build | Dock |
| 1:11 | Build | House |
| 2:49 | Queue | Villager (Male) ×4 |
| 2:49 | Queue | Villager (Male) ×4 |
| 4:00 | Queue | Fishing Ship |
| 4:01 | Queue | Fishing Ship |
| 4:05 | Queue | Villager (Male) |
| 4:05 | Queue | Villager (Male) |
| 4:32 | Build | House |
| 4:51 | Research | Loom |
| 5:09 | Queue | Villager (Male) |
| 5:10 | Queue | Villager (Male) |
| 5:10 | Queue | Fishing Ship |
| 5:43 | Queue | Villager (Male) |
| 5:43 | Queue | Villager (Male) |
| 6:03 | Queue | Villager (Male) |
| 6:08 | Queue | Fishing Ship |
| 6:08 | Queue | Fishing Ship |
| 6:08 | Queue | Fishing Ship |
| 6:18 | Build | House |
| 6:42 | Queue | Villager (Male) |
| 6:42 | Queue | Villager (Male) |
| 6:58 | Queue | Fishing Ship |
| 6:58 | Queue | Fishing Ship |
| 7:06 | Queue | Villager (Male) |
| 7:23 | Queue | Villager (Male) |
| 7:23 | Queue | Villager (Male) |
| 7:23 | Queue | Villager (Male) |
| 7:32 | Queue | Villager (Male) |
| 7:32 | Queue | Villager (Male) |
| 7:42 | Queue | Fishing Ship |
| 7:42 | Queue | Fishing Ship |
| 7:51 | Build | House |
| 7:56 | Queue | Villager (Male) |
| 8:03 | Queue | Villager (Male) |
| 8:03 | Queue | Villager (Male) |
| 8:18 | Queue | Fishing Ship |
| 8:51 | Build | Lumber Camp |
| 9:08 | Build | House |
| 9:09 | Queue | Villager (Male) |
| 9:18 | Queue | Fishing Ship |
| 9:25 | Queue | Villager (Male) |
| 9:25 | Queue | Villager (Male) |
| 9:29 | Queue | Villager (Male) |
| 9:30 | Queue | Villager (Male) |
| 9:30 | Queue | Villager (Male) |
| 9:45 | Build | Dock |
| 10:08 | Build | Mill |
| 10:22 | Build | House |
| 10:28 | Queue | Fishing Ship |
| 10:28 | Queue | Fishing Ship |
| 10:58 | Queue | Villager (Male) |
| 11:03 | Build | Lumber Camp |
| 11:24 | Queue | Villager (Male) |
| 11:45 | Queue | Villager (Male) |
| 12:34 | Research | Feudal Age |
| 12:35 | Research | Feudal Age |
| 12:53 | Queue | Fishing Ship |
| 12:53 | Queue | Fishing Ship |
| 13:04 | Build | House |
| 14:17 | Build | Mining Camp |
| 14:25 | Build | Dock |
| 14:39 | Queue | Villager (Male) |
| 14:44 | Age | Feudal Age |
| 14:48 | Build | Market |
| 14:50 | Build | Blacksmith |
| 14:53 | Research | Town Watch |
| 15:50 | Research | Castle Age |
| 15:50 | Research | Castle Age |
| 16:36 | Build | House |
| 17:40 | Queue | Unit 2626 ×3 |
| 18:05 | Queue | Villager (Male) |
| 18:30 | Age | Castle Age |
| 18:36 | Build | Castle |
| 18:42 | Research | Double-Bit Axe |
| 18:42 | Research | Double-Bit Axe |
| 18:44 | Research | Wheelbarrow |
| 18:44 | Research | Wheelbarrow |
| 18:45 | Queue | Villager (Male) |
| 18:56 | Queue | Villager (Male) |
| 18:56 | Queue | Villager (Male) |
| 19:52 | Queue | Conquistador ×4 |
| 19:52 | Queue | Conquistador ×4 |
| 20:12 | Build | Town Center |
| 20:24 | Queue | Villager (Male) |
| 20:38 | Queue | Villager (Male) |
| 20:53 | Queue | Conquistador |
| 20:54 | Queue | Conquistador |
| 20:54 | Queue | Villager (Male) |
| 20:57 | Queue | Villager (Male) |
| 20:57 | Queue | Villager (Male) |
| 21:46 | Queue | Villager (Male) |
| 21:47 | Queue | Villager (Male) |
| 21:47 | Queue | Villager (Male) |
| 21:48 | Queue | Villager (Male) |
| 21:48 | Queue | Villager (Male) |
| 21:48 | Queue | Villager (Male) |
| 22:01 | Queue | Conquistador |
| 22:01 | Queue | Conquistador |
| 22:02 | Queue | Conquistador |
| 22:13 | Build | Farm |
| 22:13 | Build | Farm |
| 22:13 | Build | Farm |
| 22:13 | Build | Farm |
| 22:13 | Build | Farm |
| 22:14 | Build | Farm |
| 22:14 | Build | Farm |
| 22:14 | Build | Farm |
| 22:14 | Build | Farm |
| 22:14 | Build | Farm |
| 22:15 | Build | Farm |
| 22:15 | Build | Farm |
| 22:19 | Queue | Villager (Male) |
| 22:30 | Queue | Conquistador |
| 22:30 | Queue | Conquistador |
| 22:53 | Build | Farm |
| 22:55 | Build | Farm |
| 22:55 | Queue | Villager (Male) |
| 22:56 | Queue | Villager (Male) |
| 22:56 | Queue | Villager (Male) |
| 22:56 | Queue | Villager (Male) |
| 23:01 | Queue | Villager (Male) |
| 23:01 | Queue | Villager (Male) |
| 23:17 | Build | Farm |
| 23:37 | Queue | Villager (Male) |
| 23:42 | Queue | Villager (Male) |
| 23:42 | Queue | Villager (Male) |
| 23:46 | Build | Farm |
| 23:50 | Build | Mill |
| 23:51 | Queue | Villager (Male) |
| 23:51 | Queue | Villager (Male) |
| 24:00 | Queue | Conquistador |
| 24:00 | Queue | Conquistador |
| 24:09 | Build | Farm |
| 24:11 | Queue | Conquistador |
| 24:11 | Queue | Conquistador |
| 24:13 | Queue | Villager (Male) |
| 24:13 | Queue | Villager (Male) |
| 24:26 | Queue | Villager (Male) |
| 24:26 | Queue | Villager (Male) |
| 24:39 | Queue | Villager (Male) |
| 24:40 | Queue | Villager (Male) |
| 24:43 | Build | Farm |
| 24:43 | Build | Farm |
| 24:43 | Build | Farm |
| 24:44 | Queue | Villager (Male) |
| 24:44 | Queue | Villager (Male) |
| 24:57 | Queue | Conquistador |
| 24:58 | Queue | Conquistador |
Build order — commandokris
First 150 of 188 actions detected
| 0:16 | Build | House |
| 0:17 | Build | House |
| 0:24 | Build | Town Center |
| 2:54 | Queue | Villager (Male) |
| 2:54 | Queue | Villager (Male) |
| 2:54 | Queue | Villager (Male) |
| 2:55 | Queue | Villager (Male) |
| 3:05 | Build | Dock |
| 4:14 | Research | Loom |
| 4:43 | Build | House |
| 4:55 | Queue | Fishing Ship |
| 4:55 | Queue | Fishing Ship |
| 5:19 | Queue | Villager (Male) |
| 5:20 | Queue | Villager (Male) |
| 5:20 | Queue | Villager (Male) |
| 5:28 | Queue | Fishing Ship |
| 6:10 | Queue | Villager (Male) |
| 6:10 | Queue | Villager (Male) |
| 6:11 | Queue | Villager (Male) |
| 6:18 | Queue | Villager (Male) |
| 6:18 | Queue | Villager (Male) |
| 6:20 | Queue | Fishing Ship |
| 6:35 | Build | House |
| 6:45 | Queue | Villager (Male) |
| 6:45 | Queue | Villager (Male) |
| 7:22 | Queue | Fishing Ship |
| 7:22 | Queue | Fishing Ship |
| 7:33 | Queue | Villager (Male) |
| 7:33 | Queue | Villager (Male) |
| 7:33 | Queue | Villager (Male) |
| 8:13 | Queue | Villager (Male) |
| 8:14 | Queue | Villager (Male) |
| 8:14 | Queue | Villager (Male) |
| 8:14 | Queue | Villager (Male) |
| 8:29 | Queue | Fishing Ship |
| 8:30 | Queue | Fishing Ship |
| 9:00 | Queue | Villager (Male) |
| 9:00 | Queue | Villager (Male) |
| 9:00 | Queue | Villager (Male) |
| 9:04 | Build | House |
| 9:05 | Build | House |
| 9:36 | Queue | Fishing Ship |
| 9:42 | Build | House |
| 10:08 | Build | Mill |
| 10:19 | Build | Mining Camp |
| 10:43 | Queue | Villager (Male) |
| 10:55 | Queue | Fishing Ship |
| 11:13 | Research | Feudal Age |
| 11:13 | Research | Feudal Age |
| 12:05 | Build | House |
| 12:17 | Build | Dock |
| 12:57 | Build | Dock |
| 13:08 | Queue | Villager (Male) |
| 13:08 | Queue | Villager (Male) |
| 13:08 | Queue | Villager (Male) |
| 13:08 | Queue | Villager (Male) |
| 13:09 | Queue | Villager (Male) |
| 13:09 | Queue | Villager (Male) |
| 13:23 | Age | Feudal Age |
| 13:26 | Queue | Unit 2626 |
| 13:44 | Build | Lumber Camp |
| 13:53 | Queue | Unit 2626 |
| 13:53 | Queue | Unit 2626 |
| 14:23 | Queue | Unit 2626 |
| 14:59 | Queue | Fire Galley |
| 14:59 | Queue | Fire Galley |
| 15:04 | Queue | Villager (Male) |
| 15:04 | Queue | Villager (Male) |
| 15:08 | Build | House |
| 15:10 | Build | House |
| 15:11 | Build | House |
| 15:38 | Queue | Fire Galley |
| 15:38 | Queue | Fire Galley |
| 16:37 | Queue | Fire Galley |
| 16:37 | Queue | Fire Galley |
| 16:38 | Queue | Villager (Male) |
| 16:39 | Queue | Villager (Male) |
| 17:10 | Build | House |
| 17:12 | Build | House |
| 17:31 | Build | Blacksmith |
| 17:40 | Research | Town Watch |
| 18:01 | Build | House |
| 18:07 | Queue | Villager (Male) |
| 18:24 | Build | Mining Camp |
| 18:54 | Build | Mill |
| 19:24 | Build | Market |
| 19:34 | Queue | Villager (Male) |
| 19:34 | Queue | Villager (Male) |
| 19:43 | Build | Watch Tower |
| 20:08 | Build | Watch Tower |
| 20:36 | Research | Castle Age |
| 23:16 | Age | Castle Age |
| 23:31 | Research | Wheelbarrow |
| 23:39 | Research | Double-Bit Axe |
| 24:33 | Build | Town Center |
| 24:44 | Queue | Fishing Ship |
| 24:57 | Build | House |
| 26:21 | Queue | Villager (Male) |
| 26:21 | Queue | Villager (Male) |
| 26:21 | Queue | Villager (Male) |
| 26:22 | Queue | Villager (Male) |
| 26:22 | Queue | Villager (Male) |
| 26:22 | Queue | Villager (Male) |
| 26:22 | Queue | Villager (Male) |
| 26:23 | Queue | Villager (Male) |
| 26:23 | Queue | Villager (Male) |
| 26:23 | Queue | Villager (Male) |
| 27:11 | Research | Bow Saw |
| 27:14 | Research | Tech 906 |
| 27:17 | Queue | Fishing Ship |
| 27:18 | Queue | Fishing Ship |
| 27:18 | Queue | Fishing Ship |
| 27:18 | Queue | Fishing Ship |
| 28:19 | Build | Dock |
| 28:25 | Research | Gillnets |
| 28:26 | Queue | Fishing Ship |
| 28:27 | Queue | Fishing Ship |
| 28:27 | Queue | Villager (Male) |
| 28:27 | Queue | Villager (Male) |
| 28:58 | Research | War Galley (upgrade) |
| 29:02 | Queue | Fishing Ship |
| 29:31 | Queue | Fishing Ship |
| 29:32 | Queue | Fishing Ship |
| 29:52 | Build | Town Center |
| 30:43 | Build | House |
| 30:43 | Build | House |
| 30:43 | Build | House |
| 30:44 | Build | House |
| 30:44 | Build | House |
| 30:44 | Build | House |
| 30:44 | Build | House |
| 30:45 | Build | House |
| 30:45 | Build | House |
| 30:45 | Build | House |
| 30:45 | Build | House |
| 30:46 | Build | House |
| 30:46 | Build | House |
| 30:46 | Build | House |
| 30:50 | Build | Palisade Wall |
| 31:13 | Build | Lumber Camp |
| 31:15 | Research | Wheelbarrow |
| 31:16 | Queue | Villager (Male) |
| 31:17 | Queue | Villager (Male) |
| 31:17 | Queue | Villager (Male) |
| 31:17 | Queue | Villager (Male) |
| 31:17 | Queue | Villager (Male) |
| 31:36 | Queue | Fishing Ship |
| 31:42 | Queue | Fishing Ship |
| 32:48 | Queue | Unit 2626 ×2 |
| 32:49 | Queue | Villager (Male) |
Match timeline
| 0:36 | Lancer · first_building Dock |
| 0:42 | pickmyself or end · first_building Dock |
| 1:08 | Mayhem · first_building Dock |
| 1:09 | Mark Renton · first_building Dock |
| 2:38 | Niimiiitzz' · first_building Dock |
| 3:05 | commandokris · first_building Dock |
| 6:18 | Mayhem · wall_segment Palisade Wall x1 |
| 10:07 | pickmyself or end · wall_segment Palisade Wall x3 |
| 11:32 | pickmyself or end · wall_segment Palisade Wall x14 |
| 11:52 | Lancer · first_building Barracks |
| 12:47 | pickmyself or end · wall_segment Palisade Wall x1 |
| 12:53 | pickmyself or end · wall_segment Palisade Wall x11 |
| 13:23 | commandokris · age_up feudal |
| 13:31 | Lancer · age_up feudal |
| 14:07 | pickmyself or end · age_up feudal |
| 14:12 | Niimiiitzz' · age_up feudal |
| 14:44 | pickmyself or end · wall_segment Stone Wall x7 |
| 14:44 | Mark Renton · age_up feudal |
| 15:01 | pickmyself or end · wall_segment Stone Wall x1 |
| 15:05 | pickmyself or end · wall_segment Stone Wall x7 |
| 15:07 | Mayhem · age_up feudal |
| 15:08 | pickmyself or end · wall_segment Stone Wall x3 |
| 15:32 | Mark Renton · first_market_sell 500 wood |
| 15:33 | Mark Renton · first_market_buy 100 food |
| 15:56 | pickmyself or end · wall_segment Stone Wall x1 |
| 15:57 | pickmyself or end · wall_segment Stone Wall x4 |
| 16:01 | pickmyself or end · wall_segment Stone Wall x13 |
| 16:12 | pickmyself or end · wall_segment Stone Wall x8 |
| 16:33 | Mayhem · first_building Barracks |
| 16:57 | Lancer · wall_segment Palisade Wall x1 |
| 17:10 | pickmyself or end · first_market_buy 100 stone |
| 17:16 | pickmyself or end · wall_segment Stone Wall x6 |
| 17:17 | pickmyself or end · wall_segment Stone Wall x1 |
| 18:27 | pickmyself or end · age_up castle |
| 18:30 | Mark Renton · age_up castle |
| 18:36 | Mark Renton · first_building Castle |
| 19:03 | Niimiiitzz' · age_up castle |
| 19:28 | Mayhem · first_building Archery Range |
| 19:41 | Mayhem · age_up castle |
| 19:49 | Mayhem · first_building Castle |
| 19:52 | Mayhem · wall_segment Palisade Wall x1 |
| 19:54 | Mayhem · wall_segment Palisade Wall x1 |
| 19:57 | Mayhem · wall_segment Palisade Wall x1 |
| 22:30 | pickmyself or end · first_building Castle |
| 22:43 | Lancer · age_up castle |
| 23:16 | commandokris · age_up castle |
| 24:31 | Mayhem · first_building Monastery |
| 24:36 | Niimiiitzz' · first_building Barracks |
| 24:40 | Lancer · first_market_buy 100 food |
| 25:02 | Mark Renton · first_building Barracks |
| 25:22 | Niimiiitzz' · first_building Stable |
| 26:22 | Lancer · first_building Castle |
| 27:46 | Mark Renton · first_building Stable |
| 28:00 | pickmyself or end · first_market_sell 100 wood |
| 28:10 | pickmyself or end · first_building Barracks |
| 28:14 | Niimiiitzz' · first_market_buy 100 wood |
| 28:26 | Lancer · wall_segment Stone Wall x1 |
| 28:29 | Lancer · wall_segment Stone Wall x1 |
| 28:32 | Lancer · wall_segment Stone Wall x1 |
| 28:34 | Lancer · wall_segment Stone Wall x1 |
| 28:36 | Lancer · wall_segment Stone Wall x1 |
| 28:39 | Lancer · wall_segment Stone Wall x1 |
| 28:46 | Niimiiitzz' · first_building Castle |
| 29:34 | pickmyself or end · first_building Stable |
| 29:35 | pickmyself or end · first_building Archery Range |
| 30:50 | commandokris · wall_segment Palisade Wall x1 |
| 34:07 | Mark Renton · first_building Archery Range |
| 34:29 | pickmyself or end · first_building Monastery |
| 35:45 | Mark Renton · age_up imperial |
| 35:46 | pickmyself or end · wall_segment Stone Wall x1 |
| 35:47 | pickmyself or end · wall_segment Stone Wall x4 |
| 35:48 | pickmyself or end · wall_segment Stone Wall x8 |
| 35:50 | pickmyself or end · wall_segment Stone Wall x5 |
| 36:28 | pickmyself or end · age_up imperial |
| 36:56 | Lancer · wall_segment Stone Wall x1 |
| 37:06 | commandokris · first_building Barracks |
| 37:39 | Lancer · wall_segment Palisade Wall x1 |
| 37:39 | Lancer · wall_segment Palisade Wall x1 |
| 37:44 | Lancer · wall_segment Palisade Wall x1 |
| 38:16 | commandokris · first_building Monastery |
| 38:27 | Mayhem · age_up imperial |
| 39:16 | Niimiiitzz' · age_up imperial |
| 40:34 | Mark Renton · resign |
[ AI ANALYSIS · 1 CREDIT ]
What really happened in this match?
Wolo.gg analyzes every decision: build order, eco, micro, common mistakes by bracket. Personalized analysis on WhatsApp or Discord in 30 seconds.
Civ guide
Incas
Perfil
Mayhem